 Dungeon Crawl Stone Soup version 0.24.0-13-gcf9b319 (webtiles) character file.

Game seed: 1430999009978901608, levelgen mode: deterministic

532 Arex the Shield-Bearer (level 7, -9/49 HPs)
             Began as an Octopode Fighter on Mar 23, 2020.
             Killed from afar by Dowan (27 damage)
             ... with a shard of ice
             ... on level 4 of the Dungeon.
             The game lasted 00:09:31 (3985 turns).

Arex the Shield-Bearer (Octopode Fighter)           Turns: 3985, Time: 00:09:31

Health: -9/49      AC:  1    Str: 17    XL:     7   Next: 24%
Magic:  7/7        EV: 12    Int: 11    God:
Gold:   225        SH:  9    Dex: 11    Spells: 6/6 levels left

rFire    . . .     SeeInvis .     - Unarmed
rCold    . . .     Gourm    +   a - +0 shield
rNeg     . . .     Faith    .   (helmet restricted)
rPois    .         Spirit   .   s - amulet of the gourmand
rElec    .         Reflect  .   (no ring)
rCorr    .         Harm     .   (no ring)
MR       .....                  (no ring)
Stlth    +++.......             (no ring)
HPRegen  0.16/turn              (no ring)
MPRegen  0.10/turn              (no ring)
                                (no ring)
                                (no ring)

@: lethally poisoned (-9 -> -19)
A: almost no armour, stealthy swim, amphibious, 8 rings, constrict 8, camouflage
1, gelatinous body 1
a: no special abilities


You were on level 4 of the Dungeon.
You were not hungry.

You visited 1 branch of the dungeon, and saw 4 of its levels.

You collected 225 gold pieces.

Inventory:

Armour
 a - a +0 shield (worn)
Jewellery
 j - a cursed amulet of inaccuracy
 s - an amulet of the gourmand (around mantle)
Scrolls
 e - a scroll of remove curse {unknown}
 f - 2 scrolls of fog
 i - 2 scrolls of enchant armour {unknown}
 l - a scroll of magic mapping
 n - a scroll of blinking
 p - a scroll of teleportation
 t - a scroll of immolation {unknown}
Potions
 b - a potion of might
 d - a potion of brilliance {unknown}
 g - a potion of mutation {unknown}
 h - a potion of lignification {unknown}
 k - 2 potions of flight
 m - a potion of heal wounds {unknown}
 o - 2 potions of curing {unknown}
 q - 2 potions of agility
Comestibles
 c - 5 rations


   Skills:
 + Level 4.5 Fighting
 + Level 4.4 Dodging
 + Level 4.0 Stealth
 + Level 4.5 Shields
 + Level 3.7 Unarmed Combat


You had 6 spell levels left.
You didn't know any spells.
Your spell library was empty.

Dungeon Overview and Level Annotations

Branches:
Dungeon (4/15)
 Temple: D:4-7

Altars:
Fedhas

Annotations:
D:4 Blork the orc, Dowan


Innate Abilities, Weirdness & Mutations

You cannot wear most types of armour.
You are very stealthy in the water. (Stealth+)
You are amphibious.
You can wear up to eight rings at the same time.
You can use your tentacles to constrict eight enemies at once.
Your skin changes colour to match your surroundings (Stealth+).
Your rubbery body absorbs attacks. (AC +1, EV +1)


Message History

Dowan hits you with a +1 dagger of venom.
You are poisoned.
You block Dowan's attack.
You barely miss Dowan. Your grab misses Dowan.
Dowan is lightly wounded.
You feel sick. Dowan gestures at you while chanting. You block the stone arrow.
Dowan hits you but does no damage.
You are more poisoned.
You closely miss Dowan. You grab Dowan.
Dowan is lightly wounded.
You constrict Dowan.
You feel sick. Dowan barely misses you.
You tentacle-slap Dowan but do no damage.
You tentacle-slap Dowan. You squeeze Dowan.
Dowan is heavily wounded.
You constrict Dowan.
You feel sick. Dowan casts a spell at you. The shard of ice hits you!!
Ouch! That really hurt!
You die...

. .# .. .#
#.. .# #.e .#
#.#..#.##
#......# #'#
###)# ###.e@#
###....##
###....#..#
###...##.##.#
#...#..#..#.#
#############


You could see Dowan.

Vanquished Creatures
  Duvessa (D:4)
  An ogre (D:4)
  2 orc wizards
  8 gnolls
  9 adders
  An ooze (D:2)
  3 worms (D:2)
  3 dart slugs
  A leopard gecko (D:3)
  10 orcs
  2 ball pythons
  13 bats
  5 giant cockroaches
  13 goblins
  8 hobgoblins
  6 jackals (D:1)
  10 kobolds
  4 frilled lizards
  9 rats
109 creatures vanquished.

Notes
Turn   | Place    | Note
-------+----------+-------------------------------------------
     0 | D:1      | Arex the Octopode Fighter began the quest for the Orb.
     0 | D:1      | Reached XP level 1. HP: 16/16 MP: 1/1
    81 | D:1      | Reached XP level 2. HP: 18/21 MP: 2/2
   185 | D:1      | Reached XP level 3. HP: 13/26 MP: 3/3
  1126 | D:2      | Reached XP level 4. HP: 31/31 MP: 4/4
  1130 | D:2      | Reached skill level 1 in Stealth
  1860 | D:2      | Reached XP level 5. HP: 32/37 MP: 5/5
  2341 | D:2      | Found a blossoming altar of Fedhas.
  2543 | D:3      | Reached XP level 6. HP: 16/43 MP: 6/6
  3652 | D:4      | Noticed Blork the orc
  3679 | D:4      | Reached XP level 7. HP: 5/49 MP: 7/7
  3967 | D:4      | Noticed Duvessa
  3967 | D:4      | Noticed Dowan
  3979 | D:4      | Killed Duvessa
  3985 | D:4      | Killed from afar by Dowan

Levels and vault maps discovered:
D:1:      lemuel_arrival_broad_hall, layout_basic, minmay_bisected
D:2:      minmay_thinvault, layout_rooms, fedhas_altar_2
D:3:      layout_rooms
D:4:      minmay_razor_zed, layout_loops_ring, uniq_ijyb, uniq_blork_the_orc,
          uniq_duvessa, uniq_sigmund

Skill      XL: |  1  2  3  4  5  6  7 |
---------------+----------------------+-----
Stealth        | 1 2 3 4 |  4.0
Unarmed Combat | 3 |  3.7
Shields        | 4 |  4.5
Fighting       | 4 |  4.5
Dodging        | 4 |  4.4

Action                   |  1- 3 |  4- 6 |  7- 9 || total
-------------------------+-------+-------+-------++-------
Melee: Unarmed           |    76 |   183 |    11 ||   270
       Constrict         |    22 |    42 |     2 ||    66
       Tentacles         |    14 |    34 |     3 ||    51
       Punch             |       |     4 |     1 ||     5
  Use: Scroll            |       |     7 |       ||     7
       Potion            |       |     1 |       ||     1
 Stab: Sleeping          |     7 |    13 |       ||    20
       Distracted        |       |     1 |       ||     1
  Eat: Chunk             |     1 |     9 |     1 ||    11
Armor: Skin              |     5 |    11 |       ||    16
Dodge: Dodged            |    22 |    80 |     3 ||   105
Block: Shield            |    28 |   105 |     9 ||   142
